 Dungeon Crawl Stone Soup version 0.25-a0-975-gcae8493d64 (webtiles) character file.

Game seed: 936813844578386750, levelgen mode: deterministic

56 Flugslaktarn the Shield-Bearer (level 3, 0/34 HPs)
             Began as a Deep Dwarf Fighter on May 10, 2020.
             Slain by an ogre
             ... wielding a +0 giant club
              (19 damage)
             ... on level 4 of the Dungeon.
             The game lasted 00:00:17 (473 turns).

Flugslaktarn the Shield-Bearer (Deep Dwarf Fighter)  Turns: 473, Time: 00:00:18

Health: 0/34       AC:  7    Str: 19    XL:     3   Next: 71%
Magic:  2/2        EV:  7    Int:  8    God:
Gold:   35         SH:  9    Dex: 13    Spells: 2/2 levels left

rFire    . . .     SeeInvis .   a - +0 war axe
rCold    . . .     Gourm    .   c - +0 kite shield
rNeg     . . .     Faith    .   b - +0 scale mail
rPois    .         Spirit   .   (no helmet)
rElec    .         Reflect  .   (no cloak)
rCorr    .         Harm     .   (no gloves)
MR       .....                  (no boots)
Stlth    ..........             (no amulet)
HPRegen  0.00/turn              (no ring)
MPRegen  0.08/turn              (no ring)

@: non-regenerating
A: damage resistance, heal wounds, sense surroundings 1, no regeneration
a: Heal Wounds


You were on level 4 of the Dungeon.
You were not hungry.

You visited 1 branch of the dungeon, and saw 4 of its levels.

You collected 35 gold pieces.

Inventory:

Hand Weapons
 a - a +0 war axe (weapon)
Armour
 b - a +0 scale mail (worn)
 c - a +0 kite shield (worn)
Scrolls
 k - a scroll of immolation {unknown}
Potions
 d - a potion of might
 f - a potion of flight {unknown}
 g - a potion of heal wounds {unknown}
 h - 3 potions of curing {unknown}
 j - 2 potions of haste {unknown}
Comestibles
 e - 5 rations
 i - 12 chunks of flesh


   Skills:
 + Level 3.0 Fighting
 * Level 3.3 Axes
 + Level 3.7 Armour
 + Level 3.7 Shields


You had 2 spell levels left.
You didn't know any spells.
Your spell library was empty.

Dungeon Overview and Level Annotations

Branches:
Dungeon (4/15)
 Temple: D:4-7

Altars:
Trog
Yredelemnul


Innate Abilities, Weirdness & Mutations

You are resistant to damage.
You can heal yourself by infusing magical energy.
You passively map a small area around you.
You do not regenerate.


Message History

An ogre comes into view. It is wielding a +0 giant club.
An ogre is nearby!
An ogre is nearby!
An ogre is nearby!
Found a golden potion.
The ogre barely misses you.
You hit the ogre.
The ogre is lightly wounded.
The ogre hits you with a +0 giant club!
You slash the ogre!
The ogre is heavily wounded.
You block the ogre's attack.
You hit the ogre.
The ogre is severely wounded.
You block the ogre's attack.
You slash the ogre!
The ogre is almost dead.
The ogre hits you with a +0 giant club!!
Ouch! That really hurt!
You die...

#........#...#.# #####÷.
#....#.####.##.## #.....#
#.####.####.....###.#####
#..##...##.....÷....#
#....._.........#####
#.......#........, *
##....###....(..#.,**
#....####......##. *
#..†...@O..##.##*#.,*
#.....?...###.# #. *
#............. , ,#.
#.........###!#
#.........#, , ***
#...........
#.....!...#.#
#............ , ≈≈


You could see an ogre.

Vanquished Creatures
  A worker ant (D:4)
  2 adders
  5 orcs (D:4)
  A giant cockroach (D:2)
  3 frilled lizards
  A rat (D:1)
13 creatures vanquished.

Notes
Turn   | Place    | Note
-------+----------+-------------------------------------------
     0 | D:1      | Flugslaktarn the Deep Dwarf Fighter began the quest for the
                  | Orb.
     0 | D:1      | Reached XP level 1. HP: 20/20 MP: 1/1
   146 | D:2      | Reached XP level 2. HP: 20/27 MP: 2/2
   208 | D:2      | Found a basalt altar of Yredelemnul.
   426 | D:4      | Found a bloodstained altar of Trog.
   454 | D:4      | Reached XP level 3. HP: 32/33 MP: 2/2
   466 | D:4      | Noticed an ogre
   473 | D:4      | Slain by an ogre

Illustrated notes

Levels and vault maps discovered:
D:1:      minmay_arrival_four_loops, layout_loops_ring,
          chequers_serial_rivers_micro_a, minmay_misc_feat_columns
D:2:      layout_basic, grunt_ministairs_11, grunt_decor_clamped,
          lemuel_altar_in_water
D:3:      layout_basic, lemuel_round_altar
D:4:      layout_rooms, gammafunk_ghost_gnarly_gnolls,
          trog_three_pillars_becter, uniq_eustachio

Skill      XL: |  1  2  3 |
---------------+----------+-----
Axes           | 3 |  3.3
Fighting       | 3 |  3.0
Armour         | |  3.7
Shields        | |  3.7

Action                   || total
-------------------------++-------
Melee: War axe           ||    67
 Abil: Heal Wounds       ||     1
Armor: Scale mail        ||    30
Dodge: Dodged            ||    22
Block: Kite shield       ||    38

Table legend:
 A = Non-vault XP
 B = Vault XP
 C = Vault XP percentage of total XP
 D = Non-vault monster count
 E = Vault monster count
 F = Vault count percentage of total count
                 A         B        C        D         E       F
            +---------+---------+-------+---------+---------+-------
      Total |      81 |       0 |   0.0 |      13 |       0 |   0.0
            +---------+---------+-------+---------+---------+-------
        D:1 |       1 |       0 |   0.0 |       1 |       0 |   0.0
        D:2 |      15 |       0 |   0.0 |       2 |       0 |   0.0
        D:3 |       1 |       0 |   0.0 |       1 |       0 |   0.0
        D:4 |      64 |       0 |   0.0 |       9 |       0 |   0.0
            +---------+---------+-------+---------+---------+-------
